 Dungeon Sprint DCSS version 0.19.4-8-ga85b6b9 (webtiles) character file.

53 Groucho the Covert (level 3, -1/17 HPs)
             Began as a Felid Berserker on Feb 15, 2017.
             Was an Elder of Trog.
             Slain by a gargoyle
             ... wielding a +0 morningstar
              (18 damage)
             ... in the Dungeon (Sprint IX: "|||||||||||||||||||||||||||||").
             The game lasted 00:00:31 (698 turns).

Groucho the Covert (Felid Berserker)                 Turns: 698, Time: 00:00:32

Health: -1/17      AC:  1    Str: 13    XL:     3   Next: 62%
Magic:  4/4        EV: 23    Int:  8    God:    Trog [****..]
Gold:   0          SH:  0    Dex: 16    Spells: 0 memorised, 2 levels left
                                        Lives:  0   Deaths: 0

rFire  . . .     SeeInvis +       - Unarmed
rCold  . . .     Gourm    .     (armour unavailable)
rNeg   . . .     Faith    .     (shield unavailable)
rPois  .         Spirit   .     (helmet unavailable)
rElec  .         Reflect  .     (cloak unavailable)
rCorr  .         Harm     .     (gloves unavailable)
MR     .....     NoTele   +     (boots unavailable)
Stlth  +++++.....               (no amulet)
                                l - +2 ring of evasion
                                k - +2 ring of evasion

@: quick
A: no armour, no weapons or thrown items, stealth, claws 1, fangs 3, see
invisible, carnivore 3, speed 1, shaggy fur 1, slow metabolism 1, sharp paws
a: Berserk, Trog's Hand, Brothers in Arms, Burn Spellbooks, Renounce Religion


You were in the Dungeon.
You worshipped Trog.
Trog was greatly pleased with you.
You were not hungry.

You visited 1 branch

Inventory:

Jewellery
 k - a +2 ring of evasion (left paw)
 l - a +2 ring of evasion (right paw)
Wands
 j - a wand of lightning (7/15)
Scrolls
 g - 2 scrolls of blinking
 i - 3 scrolls of remove curse
Potions
 b - 5 potions of curing
 c - 3 potions of heal wounds
 d - a potion of haste
 e - 4 potions of magic
 f - a potion of berserk rage
 h - a potion of invisibility
Comestibles
 a - a meat ration


   Skills:
 - Level 3.0 Fighting
 - Level 4.0 Dodging
 + Level 10.1 Stealth
 - Level 3.0 Unarmed Combat


You had 2 spell levels left.
You didn't know any spells.

Dungeon Overview and Level Annotations

Branches:
Dungeon (1/1)

Altars:
Cheibriados
Dithmenos
Elyvilon
Fedhas
Gozag
Hepliaklqana
Kikubaaqudgha
Makhleb
Nemelex Xobeh
Okawaru
Qazlal
Ru
Sif Muna
Trog
Uskayaw
Vehumet
Xom
Yredelemnul
Zin
The Shining One
Beogh
Jiyva
Lugonu


Innate Abilities, Weirdness & Mutations

You cannot wear armour.
You are incapable of wielding weapons or throwing items.
Your paws allow you to move quietly. (Stealth)
You have sharp claws.
You have razor-sharp teeth.
You have supernaturally acute eyesight. (SInv)
You are carnivorous and can eat meat at any time.
You cover ground quickly.
You are covered in fur. (AC +1)
You have a slow metabolism.
Your sharp claws are effective at attacking unaware monsters.


Message History

You see here 2 scrolls of amnesia.
j - a wand of lightning (7/15)
You see here an uncursed staff of energy.
Items here: ))))))
You see here a +0 pair of boots.
You see here a +0 pair of boots.
You see here a +1 scale mail.
k - a +2 ring of evasion
l - a +2 ring of evasion You open the door.
An iguana, a jackal, a gargoyle, an orc, a zombie and a skeleton come into view.
Unknown command.
Put on which piece of jewellery? (? for menu, Esc to quit)
k - a +2 ring of evasion (left paw) Put on which piece of jewellery? (? for menu, Esc to quit)
l - a +2 ring of evasion (right paw)
The orc shouts!
The gargoyle hits you with a morningstar!!
Ouch! That really hurt!
You die... ▓▓▓▓▓▓▓▓▓▓▓▓▓▓▓▓▓▓▓▓▓▓▓▓ ZhloZ.9@.[[[)|?.'.______ ▓▓▓▓▓▓▓▓▓▓▓▓▓▓▓▓▓▓▓▓▓▓▓▓

You could see a gargoyle, an iguana (wandering), an orc, a quokka zombie (wandering), a jackal (wandering) and an adder skeleton.

Vanquished Creatures
  An orc wizard (D)
  An adder (D)
  A gnoll (D)
  A giant cockroach (D)
  A goblin (D)
  A hobgoblin (D)
  2 quokkas (D)
  2 kobolds (D)
10 creatures vanquished.

Notes
Turn   | Place    | Note
-------+----------+-------------------------------------------
     0 | D        | Groucho the Felid Berserker began the quest for the Orb.
     0 | D        | Reached XP level 1. HP: 10/10 MP: 2/2
     9 | D        | Reached skill level 2 in Stealth
    10 | D        | Reached skill level 3 in Stealth
    14 | D        | Reached ** piety under Trog
    14 | D        | Reached skill level 4 in Stealth
    20 | D        | Reached skill level 5 in Stealth
   328 | D        | Noticed an orc wizard
   330 | D        | Reached skill level 6 in Stealth
   330 | D        | Reached XP level 2. HP: 14/14 MP: 3/3
   332 | D        | Reached *** piety under Trog
   332 | D        | Reached skill level 7 in Stealth
   339 | D        | Reached skill level 8 in Stealth
   339 | D        | Reached XP level 3. HP: 16/17 MP: 4/4
   345 | D        | Reached **** piety under Trog
   345 | D        | Reached skill level 10 in Stealth
   654 | D        | Found a roughly hewn altar of Beogh.
   654 | D        | Found a snail-covered altar of Cheibriados.
   654 | D        | Found a shadowy altar of Dithmenos.
   654 | D        | Found a white marble altar of Elyvilon.
   654 | D        | Found a blossoming altar of Fedhas.
   654 | D        | Found an opulent altar of Gozag.
   655 | D        | Found a hazy altar of Hepliaklqana.
   656 | D        | Found a viscous altar of Jiyva.
   657 | D        | Found an ancient bone altar of Kikubaaqudgha.
   658 | D        | Found a corrupted altar of Lugonu.
   659 | D        | Found a burning altar of Makhleb.
   660 | D        | Found a sparkling altar of Nemelex Xobeh.
   661 | D        | Found an iron altar of Okawaru.
   662 | D        | Found a stormy altar of Qazlal.
   663 | D        | Found a sacrificial altar of Ru.
   664 | D        | Found a deep blue altar of Sif Muna.
   665 | D        | Found a bloodstained altar of Trog.
   666 | D        | Found a hide-covered altar of Uskayaw.
   667 | D        | Found a radiant altar of Vehumet.
   668 | D        | Found a shimmering altar of Xom.
   669 | D        | Found a basalt altar of Yredelemnul.
   670 | D        | Found a glowing silver altar of Zin.
   671 | D        | Found a glowing golden altar of the Shining One.
   696 | D        | Noticed a gargoyle
   698 | D        | Slain by a gargoyle

Skill      XL: |  1  2  3 |
---------------+----------+-----
Stealth        | 6 8 10 | 10.1
Fighting       | |  3.0
Dodging        | |  4.0
Unarmed Combat | |  3.0

Action                   || total
-------------------------++-------
Melee: Unarmed           ||    28
       Bite              ||     1
 Stab: Sleeping          ||     1
Armor: Skin              ||     1
Dodge: Dodged            ||    17
